 Dungeon Crawl Stone Soup version 0.31-a0-325-g067879e3d3 (webtiles) character file.

Game seed: 2056759189030693342

323 wormstring the Changeling (level 6, 0/42 HPs)
             Began as an Octopode Shapeshifter on July 18, 2023.
             Slain by an ice beast (14 damage)
             ... on level 4 of the Dungeon.
             The game lasted 00:02:31 (2258 turns).

wormstring the Changeling (Octopode Shapeshifter)   Turns: 2258, Time: 00:02:32

Health: 0/42       AC:  1    Str: 14    XL:     6   Next: 47%
Magic:  6/6        EV: 14    Int: 10    God:
Gold:   192        SH:  0    Dex: 15    Spells: 5/5 levels left

rFire   . .          .
                       - Unarmed
rCold   . . .        (no shield)
rNeg    + . .        (helmet currently unavailable)
rPois   .            (no amulet)
rElec   .            d - ring of positive energy
rCorr   .            (no ring)
SInv    .            (no ring)
Will    .....        (no ring)
Stlth   +++          (no ring)
HPRegen 0.27/turn    (no ring)
MPRegen 0.10/turn    (no ring)
                     (no ring)

%: no passive effects
@: beast-form
A: beast (slay +2), almost no armour, amphibious, 8 rings, camouflage 1,
gelatinous body 1, (nimble swimmer 1), tentacles
a: Begin Untransformation


You were on level 4 of the Dungeon.
You were a hulking beast.
You visited 1 branch of the dungeon, and saw 4 of its levels.

You collected 192 gold pieces.

Inventory:

Jewellery
 d - a ring of positive energy (left tentacle)
Talismans
 b - a beast talisman
Wands
 r - a wand of polymorph (3)
Scrolls
 a - a scroll of fog {unknown}
 c - a scroll of teleportation {unknown}
 g - a scroll of identify {unknown}
 h - a scroll of amnesia {unknown}
 j - a scroll of silence {unknown}
 l - a scroll of poison {unknown}
 m - a scroll of revelation {unknown}
 o - a scroll of noise {unknown}
Potions
 e - a potion of mutation {unknown}
 f - a potion of curing {unknown}
 i - a potion of might {unknown}
 k - a potion of attraction {unknown}
 n - a potion of brilliance {unknown}
 p - 2 potions of lignification
 q - a potion of resistance {unknown}


   Skills:
 + Level 3.1 Fighting
 + Level 3.1 Dodging
 + Level 3.1 Stealth
 * Level 3.8 Unarmed Combat
 * Level 4.0 Shapeshifting


You had 5 spell levels left.
You didn't know any spells.
Your spell library contained the following spells:

 Spells                   Type           Power      Damage    Failure   Level
 Apportation              Tloc           0%         N/A       36%         1


Dungeon Overview and Level Annotations

Branches:
Dungeon (4/15)
 Temple: D:4-7

Altars:

Shops:
D:3 :


Innate Abilities, Weirdness & Mutations

You are a hulking beast.
Your limbs bulge with bestial killing power. (Slay +2)
You cannot wear most types of armour.
You are amphibious.
You can wear up to eight rings at the same time.
Your skin changes colour to match your surroundings (Stealth+).
Your rubbery body absorbs attacks. (AC +1, EV +1)
((You are camouflaged when in or above water. (Stealth+)))
You have tentacles for arms and can constrict up to eight enemies at once.


Message History

You constrict the hobgoblin, but do no damage.
The hobgoblin hits you.
You tentacle-slap the hobgoblin.
You kill the hobgoblin!
No target in view!
No target in view!
No target in view!
No target in view!
No target in view!
HP restored.
You see here a hobgoblin corpse.
Found a long sword.
You see here a +0 long sword.
Found a stone staircase leading up.
You see here a +0 long sword.
Found 4 stones.
No target in view!
Found a spear.
r - a wand of polymorph (3)
An ice beast comes into view.
You tentacle-slap the ice beast.
The ice beast is lightly wounded.
The ice beast closely misses you.
You tentacle-slap the ice beast but do no damage.
You squeeze the ice beast!
The ice beast is moderately wounded.
The ice beast misses you.
You barely miss the ice beast. You squeeze the ice beast!
The ice beast is severely wounded.
The ice beast barely misses you.
You tentacle-slap the ice beast but do no damage.
The ice beast is severely wounded.
The ice beast hits you. The ice beast freezes you!
You closely miss the ice beast.
The ice beast is severely wounded.
The ice beast hits you. The ice beast freezes you!
You barely miss the ice beast. You squeeze the ice beast.
The ice beast is almost dead.
The ice beast hits you. The ice beast freezes you!
You die...

....# ...## ..# ....#
..#.# ....# #. .. .#
....# ... ....#
....#####.## .#.###
............ .....
...######.#.#####Y#.#
...# #.. #.....h...###
...# #.# ##..........#
...# #.# #..........#
...####.# ##..........#
........###...........#
......................#
.........###......?...#
......................#
......................#


You could see an ice beast.

Vanquished Creatures
  Sigmund (D:3)
  A jelly (D:3)
  3 gnolls (D:3)
  5 adders
  3 worms
  A dart slug (D:3)
  4 bats
  An endoplasm (D:1)
  A goblin (D:2)
  3 hobgoblins
  7 jackals
  A kobold (D:3)
  3 quokkas (D:2)
  7 ball pythons
  A frilled lizard (D:1)
  2 rats
44 creatures vanquished.

Notes
Turn   | Place    | Note
-------+----------+-------------------------------------------
     0 | D:1      | wormstring the Octopode Shapeshifter began the quest for
                  | the Orb.
     0 | D:1      | Reached XP level 1. HP: 14/14 MP: 1/1
   585 | D:1      | Reached XP level 2. HP: 19/19 MP: 2/2
   835 | D:2      | Reached skill level 1 in Stealth
   933 | D:2      | Reached XP level 3. HP: 20/24 MP: 3/3
  1055 | D:2      | Found a faded altar of an unknown god.
  1074 | D:2      | Got Plato's Compilation of Coordinates
  1335 | D:2      | Reached XP level 4. HP: 7/30 MP: 4/4
  1574 | D:3      | Noticed Sigmund
  1586 | D:3      | Killed Sigmund
  1587 | D:3      | Reached XP level 5. HP: 36/36 MP: 5/5
  1587 | D:3      | Reached XP level 6. HP: 42/42 MP: 6/6
  1685 | D:3      | Reached skill level 4 in Shapeshifting
  1740 | D:3      | Found Fuez's Book Boutique.
  2250 | D:4      | Noticed an ice beast
  2258 | D:4      | Slain by an ice beast

Illustrated notes

Levels and vault maps discovered:
D:1:      zelgadis_glass_arrival_small, layout_basic, serial_bayou_lagoon_b
D:2:      layout_rooms, shapermc_ecumenical_altar_rom_forum, hex_large
D:3:      layout_rooms, serial_shops, shop, uniq_sigmund
D:4:      layout_basic

Skill      XL: |  1  2  3  4  5  6 |
---------------+-------------------+-----
Stealth        | 1 2 3 |  3.1
Fighting       | 3 |  3.1
Dodging        | 3 |  3.1
Unarmed Combat | 3 |  3.8
Shapeshifting  | 4 |  4.0

Action                     |  1- 3 |  4- 6 || total
---------------------------+-------+-------++-------
  Melee: Unarmed           |    54 |    50 ||   104
         Constrict         |    16 |     8 ||    24
         Tentacles         |    12 |    15 ||    27
         Punch             |     1 |     1 ||     2
    Use: Potion            |       |     1 ||     1
   Stab: Sleeping          |     8 |     1 ||     9
 Armour: Skin              |     8 |    14 ||    22
  Dodge: Dodged            |    49 |    29 ||    78

Table legend: (Time is in decaauts)
 A = Elapsed time spent in this place.
 B = Non-inter-level travel time spent in this place.
 C = Inter-level travel time spent in this place.
 D = Time resting spent in this place.
 E = Time spent auto-exploring this place.
 F = Levels seen in this place.
 G = Mean time per level.
                   A        B        C        D        E       F      G
               +--------+--------+--------+--------+--------+-----+--------+
         Total |   2252 |   2152 |    100 |     16 |   1782 |   4 |  563.0 |
       Dungeon |   2252 |   2152 |    100 |     16 |   1782 |   4 |  563.0 |
               +--------+--------+--------+--------+--------+-----+--------+

Top non-repeatable levels by time:
     D:1: 784 daAuts
     D:2: 672 daAuts
     D:3: 560 daAuts
     D:4: 235 daAuts
